 Dungeon Crawl Stone Soup version 0.20.1-1-g8b1a95d (webtiles) character file.

186 HammerPanzer the Cudgeler (level 5, -1/42 HPs)
             Began as a Demonspawn Berserker on Oct 26, 2017.
             Was a Believer of Trog.
             Succumbed to an orc's poison
             ... on level 3 of the Dungeon.
             The game lasted 00:09:22 (4167 turns).

HammerPanzer the Cudgeler (Demonspawn Berserker)    Turns: 4167, Time: 00:09:23

Health: -1/42      AC:  7    Str: 18    XL:     5   Next: 38%
Magic:  5/5        EV: 11    Int:  9    God:    Trog [**....]
Gold:   102        SH:  0    Dex: 12    Spells: 4/4 levels left

rFire    + . .     SeeInvis .   a - +0 mace
rCold    x . .     Gourm    .   (no shield)
rNeg     . . .     Faith    .   w - +0 ring mail
rPois    .         Spirit   .   (helmet restricted)
rElec    .         Reflect  .   x - +0 cloak
rCorr    .         Harm     .   (no gloves)
MR       ++...                  o - +0 pair of boots
Stlth    +.........             (no amulet)
Regen    1.2/turn               g - ring of fire
MPRegen  0.1/turn               (no ring)

@: lethally poisoned (-1 -> -18), berserk cooldown, regenerating, slowed, very
slow
A: antennae 1, rot immunity
a: Berserk, Trog's Hand, Burn Spellbooks, Renounce Religion


You were on level 3 of the Dungeon.
You worshipped Trog.
Trog was pleased with you.
You were near starving.

You visited 1 branch of the dungeon, and saw 3 of its levels.

You collected 102 gold pieces.

Inventory:

Hand Weapons
 a - a +0 mace (weapon)
Missiles
 r - 4 tomahawks (quivered)
Armour
 o - a +0 pair of boots (worn)
 w - a +0 ring mail (worn)
 x - a +0 cloak (worn)
Jewellery
 g - a ring of fire (left hand)
Wands
 u - a wand of polymorph (10/24)
Scrolls
 h - 2 scrolls of enchant armour {unknown}
 j - a scroll of recharging {unknown}
 m - a scroll of remove curse {unknown}
 p - a scroll of identify {unknown}
 s - a scroll of noise {unknown}
 v - a scroll of amnesia {unknown}
Potions
 d - a potion of agility {unknown}
 e - a potion of heal wounds {unknown}
 k - a potion of might {unknown}
 l - 2 potions of cancellation {unknown}
 n - a potion of brilliance {unknown}
 q - 2 potions of haste {unknown}
 t - 2 potions of curing {unknown}
Comestibles
 b - 2 chunks of flesh
 c - 3 bread rations
 f - 2 royal jellies
 i - 4 fruits


   Skills:
 + Level 3.8 Fighting
 * Level 5.1 Maces & Flails
 - Level 1.7 Armour
 - Level 1.7 Dodging


You had 4 spell levels left.
You didn't know any spells.

Dungeon Overview and Level Annotations

Branches:
Dungeon (3/15)

Altars:
Sif Muna
Vehumet
Zin

Annotations:
D:3 Sigmund


Innate Abilities, Weirdness & Mutations

You have a pair of small antennae on your head.
You are immune to rotting.


Message History

The orc closely misses you.
You hit the orc.
The orc is almost dead.
* * * LOW HITPOINT WARNING * * *
You feel very sick. The orc hits you but does no damage.
You are more poisoned.
You're still recovering from your berserk rage.
Your skin crawls.
You feel resistant to hostile enchantments.
You are near starving!
* * * LOW HITPOINT WARNING * * *
You feel very sick. The orc hits you with a whip of venom.
* * * LOW HITPOINT WARNING * * *
You are more poisoned.
The orc closely misses you.
You barely miss the orc.
The orc is almost dead.
You die...

#.## #..#######.
##..........
##.####.....##
.......o##...###
#..............######
.....#####.##........
..##. #.o######### .>##
##@# .# #)# ... #.#
#.## ..# .. #..#
#.###.# # ##(## #.##..#
#.##..#
#.#.รท#########.....#
...<)..........##..####
#.#.##########........#


You could see an orc.

Vanquished Creatures
  An orc wizard (D:3)
  Robin (D:2)
  5 adders (D:2)
  2 oozes (D:2)
  6 worms
  3 dart slugs
  4 leopard geckos
  4 orcs
  A ball python (D:1)
  2 bats
  A giant cockroach (D:1)
  9 goblins (D:2)
  7 hobgoblins
  9 kobolds
  3 quokkas
  3 frilled lizards
  6 rats
67 creatures vanquished.

Notes
Turn   | Place    | Note
-------+----------+-------------------------------------------
     0 | D:1      | HammerPanzer the Demonspawn Berserker began the quest for the Orb.
     0 | D:1      | Reached XP level 1. HP: 18/18 MP: 1/1
   256 | D:1      | Reached skill level 3 in Maces & Flails
   349 | D:1      | Gained mutation: You are immune to rotting. [demonic ancestry]
   349 | D:1      | Reached XP level 2. HP: 13/24 MP: 2/2
  1309 | D:2      | Gained mutation: You have a pair of small antennae on your head. [demonic ancestry]
  1309 | D:2      | Reached XP level 3. HP: 25/29 MP: 3/3
  1319 | D:2      | Found a deep blue altar of Sif Muna.
  2003 | D:3      | Noticed Sigmund
  2240 | D:2      | Noticed Robin
  2255 | D:2      | Reached skill level 4 in Maces & Flails
  2330 | D:2      | Killed Robin
  2330 | D:2      | Reached XP level 4. HP: 35/36 MP: 4/4
  2333 | D:2      | Reached ** piety under Trog
  3077 | D:2      | Found a glowing silver altar of Zin.
  3742 | D:2      | Reached XP level 5. HP: 26/42 MP: 5/5
  3984 | D:3      | Found a radiant altar of Vehumet.
  4152 | D:3      | Reached skill level 5 in Maces & Flails
  4166 | D:3      | HP: 2/42 [orc/whip of venom (1)]
  4167 | D:3      | Succumbed to an orc's poison

Skill      XL: |  1  2  3  4  5 |
---------------+----------------+-----
Maces & Flails | 3 4 5 |  5.1
Fighting       | |  3.8
Armour         | |  1.7
Dodging        | |  1.7

Action                   |  1- 3 |  4- 6 || total
-------------------------+-------+-------++-------
Melee: Mace              |   114 |   136 ||   250
Throw: Tomahawk          |       |     3 ||     3
Invok: Berserk           |     2 |     1 ||     3
       Trog's Hand       |       |     1 ||     1
  Eat: Chunk             |     5 |     7 ||    12
Armor: Animal skin       |    21 |    16 ||    37
       Ring mail         |       |    22 ||    22
Dodge: Dodged            |    82 |    84 ||   166
